 Dungeon Crawl Stone Soup version 0.26-a0-663-g36e8fdb655 (webtiles) character file.

Game seed: 12422816591575507275

27 sahdkjhfkaj the Skirmisher (level 2, 27/27 HPs)
             Began as a Minotaur Berserker on Oct 11, 2020.
             Was an Initiate of Trog.
             Got out of the dungeon alive.
             The game lasted 00:01:28 (11197 turns).

sahdkjhfkaj the Skirmisher (Minotaur Berserker)    Turns: 11197, Time: 00:01:28

Health: 27/27      AC:  2    Str: 21    XL:     2   Next: 93%
Magic:  1/1        EV: 12    Int:  4    God:    Trog [......]
Gold:   11         SH:  0    Dex:  9    Spells: 1/1 levels left

rFire    . . .     SeeInvis .   a - +0 hand axe
rCold    . . .     Faith    .   (no shield)
rNeg     . . .     Spirit   .   b - +0 animal skin
rPois    .         Reflect  .   (helmet restricted)
rElec    .         Harm     .   (no cloak)
rCorr    .         Rampage  .   (no gloves)
MR       .....                  (no boots)
Stlth    +.........             (no amulet)
HPRegen  0.09/turn              (no ring)
MPRegen  0.07/turn              (no ring)

@: bezotted
A: retaliatory headbutt, horns 2
a: Renounce Religion


You escaped.
You worshipped Trog.
Trog was noncommittal.
You visited 1 branch of the dungeon, and saw 2 of its levels.

You collected 11 gold pieces.

Inventory:

Hand Weapons
 a - a +0 hand axe (weapon)
Armour
 b - a +0 animal skin (worn)


   Skills:
 + Level 4.1 Fighting
 + Level 4.1 Axes
 + Level 2.6 Armour
 + Level 2.3 Dodging
 + Level 0.9 Stealth


You had one spell level left.
You didn't know any spells.
Your spell library was empty.

Dungeon Overview and Level Annotations

Branches:
Dungeon (2/15)

Altars:


Innate Abilities, Weirdness & Mutations

You reflexively headbutt those who attack you in melee.
You have a pair of horns on your head.


Message History

A kobold comes into view.
The kobold shouts!
The kobold throws a stone.
The stone barely misses you.
You see here a stone.
The rat twitches its whiskers.
The kobold throws a stone.
The stone misses you.
The kobold throws a stone.
The stone closely misses you. The kobold hits you.
A hobgoblin comes into view.
The hobgoblin shouts!
The goblin closely misses you.
You see here 15 sling bullets.
There is an open door here.
There is a staircase leading out of the dungeon here.
Are you sure you want to leave the Dungeon?
This will make you lose the game! The goblin closely misses you.
You furiously retaliate!
You headbutt the goblin.
You kill the goblin!
Trog accepts your kill.
You have escaped!

.#.................## ..
.'..........K###.....
... #...#######... #..
....#...# ###########..
....#...####..........##
...........#............
###..⌠...⌠..............
#...###...#########...
##..#@#.r.# #...
#..#K#g..# #...
#.⌠...⌠..# .# #...
#.......###...# #...
####..........#
##.......... #.......#..
#.......# #.......#


You could see a hobgoblin, a kobold and a rat.

Vanquished Creatures
  An adder (D:2)
  2 giant cockroaches (D:1)
  4 goblins
  3 hobgoblins (D:1)
  2 kobolds (D:1)
  3 frilled lizards
  2 rats (D:1)
17 creatures vanquished.

Notes
Turn   | Place    | Note
-------+----------+-------------------------------------------
     0 | D:1      | sahdkjhfkaj the Minotaur Berserker began the quest for the
                  | Orb.
     0 | D:1      | Reached XP level 1. HP: 19/19 MP: 0/0
  4999 | D:1      | Glimpsed the power of Zot.
  5047 | D:2      | Reached XP level 2. HP: 9/27 MP: 1/1
  5093 | D:1      | Reached * piety under Trog
 10998 | D:1      | Glimpsed the power of Zot.
 11197 | D:$      | Got out of the dungeon alive.

Illustrated notes

Levels and vault maps discovered:
D:1:      scummos_arrival_simple_fountains, layout_basic
D:2:      layout_loops_ring, kennysheep_generic_room_7, uniq_robin,
          uniq_crazy_yiuf_cottage

Skill      XL: |  1  2 |
---------------+-------+-----
Fighting       | 4 |  4.1
Axes           | 4 |  4.1
Armour         | |  2.6
Dodging        | |  2.3
Stealth        | |  0.9

Action                   || total
-------------------------++-------
Melee: Hand axe          ||    18
Armor: Animal skin       ||     8
Dodge: Dodged            ||    36

Table legend: (Time is in decaauts)
 A = Elapsed time spent in this place.
 B = Non-inter-level travel time spent in this place.
 C = Inter-level travel time spent in this place.
 D = Time resting spent in this place.
 E = Time spent auto-exploring this place.
 F = Levels seen in this place.
 G = Mean time per level.
                   A        B        C        D        E       F      G
               +--------+--------+--------+--------+--------+-----+--------+
         Total |  11202 |  11202 |      0 |  10914 |      7 |   2 | 5601.0 |
       Dungeon |  11202 |  11202 |      0 |  10914 |      7 |   2 | 5601.0 |
               +--------+--------+--------+--------+--------+-----+--------+

Top non-repeatable levels by time:
     D:1: 11137 daAuts
     D:2: 64 daAuts
